 Dungeon Crawl Stone Soup version 0.19.1 (console) character file.

2136 MenacingMecha the Basher (level 9, -3/92 HPs)
             Began as an Ogre Berserker on Dec 10, 2016.
             Was an Elder of Trog.
             Slain by a gnoll
             ... wielding a +0 halberd
              (7 damage)
             ... on level 7 of the Dungeon.
             The game lasted 00:32:39 (7553 turns).

MenacingMecha the Basher (Ogre Berserker)           Turns: 7553, Time: 00:32:40

Health: -3/92      AC:  3    Str: 26    XL:     9   Next: 30%
Magic:  9/9        EV: 10    Int:  6    God:    Trog [****..]
Gold:   309        SH:  0    Dex: 10    Spells: 0 memorised, 8 levels left

rFire  + + .     SeeInvis .     E - +0 giant spiked club
rCold  . . .     Gourm    .     o - +0 robe (curse)
rNeg   + . .     Faith    .     (shield currently unavailable)
rPois  .         Spirit   .     (helmet restricted)
rElec  .         Reflect  .     (no cloak)
rCorr  .         Harm     .     (gloves unavailable)
MR     ++...                    (boots unavailable)
Stlth  +.........               (no amulet)
                                y - +2 ring of strength
                                g - ring "Lueclu Jehe" {rF++ rN+ MR++ Dex-2}

@: no status effects
A: unfitting armour, tough skin 1
a: Berserk, Trog's Hand, Brothers in Arms, Burn Spellbooks, Renounce Religion


You were on level 7 of the Dungeon.
You worshipped Trog.
Trog was greatly pleased with you.
You were not hungry.

You visited 1 branch of the dungeon, and saw 7 of its levels.
You also visited: Sewer.

You collected 309 gold pieces.

Inventory:

Hand Weapons
 x - a +0 giant club
 E - a +0 giant spiked club (weapon)
 F - a +2 whip of electrocution
Missiles
 e - 196 stones
 i - a throwing net
 p - 10 tomahawks (quivered)
 A - 2 javelins of penetration
Armour
 o - a cursed +0 robe (worn)
Jewellery
 g - the ring "Lueclu Jehe" (left hand) {rF++ rN+ MR++ Dex-2}
   (You found it on level 4 of the Dungeon)

   [ring of positive energy]

   It affects your dexterity (-2).
   It greatly protects you from fire.
   It protects you from negative energy.
   It affects your resistance to hostile enchantments.
 y - a +2 ring of strength (right hand)
Wands
 w - a wand of disintegration (6/24)
 D - a wand of acid (9/15)
Scrolls
 b - a scroll of enchant weapon {unknown}
 d - 2 scrolls of blinking {unknown}
 h - 4 scrolls of identify {unknown}
 n - 5 scrolls of remove curse {unknown}
 q - 3 scrolls of random uselessness {unknown}
 r - 2 scrolls of recharging {unknown}
 s - 3 scrolls of fear {unknown}
 u - 2 scrolls of teleportation {unknown}
 v - a scroll of magic mapping {unknown}
 B - a scroll of immolation {unknown}
Potions
 a - a potion of curing
 f - 2 potions of cancellation {unknown}
 j - 6 potions of flight {unknown}
 k - 3 potions of degeneration {unknown}
 l - a potion of ambrosia {unknown}
 t - a potion of heal wounds {unknown}
 C - a potion of mutation {unknown}
Comestibles
 c - 2 bread rations
 m - 6 meat rations


   Skills:
 + Level 6.8 Fighting
 - Level 14.2 Maces & Flails
 - Level 3.0 Dodging


You had 8 spell levels left.
You didn't know any spells.

Dungeon Overview and Level Annotations

Branches:
Dungeon (7/15)             Temple (0/1) D:4

Altars:
Trog

Shops:
D:4 [


Innate Abilities, Weirdness & Mutations

You are too large for most types of armour.
You have tough skin. (AC +1)


Message History

You kill the gnoll shaman!
Trog accepts your kill. The gnoll closely misses you.
The gnoll hits you from afar with a halberd!
The gnoll barely misses you. The gnoll completely misses you.
The gnoll closely misses you.
Things that are here:
a whip; a robe You closely miss the gnoll.
The gnoll hits you but does no damage. The gnoll barely misses you.
You closely miss the gnoll. The gnoll hits you with a halberd!
You barely miss the gnoll. The gnoll hits you with a halberd. x2
* * * LOW HITPOINT WARNING * * *
You barely miss the gnoll. The gnoll hits you with a halberd!
* * * LOW HITPOINT WARNING * * *
The gnoll hits you from afar with a halberd!
* * * LOW HITPOINT WARNING * * *
The gnoll closely misses you.
The gnoll hits you from afar with a halberd!
You die...

############
##..........##
##..<.........##
#...)..........####
#.................#
#.................###
#........>@.g).......
#.................###
##.......>....#.....#
##..........##......
######..#### ...#.
##.# ..... #.# .##.
#.# .#


You could see a gnoll.

Vanquished Creatures
  Pikel (D:6)
  A hippogriff (D:4)
  Eustachio (D:6)
  Purgy (Sewer)
  6 ogres
  A bullfrog (D:6)
  A gnoll sergeant (D:5)
  A scorpion (D:5)
  2 howler monkeys
  A crimson imp (D:6)
  A jelly (D:6)
  A hound (D:5)
  A gnoll shaman (D:7)
  An iguana (D:6)
  4 worker ants
  A worker ant zombie (D:5)
  10 gnolls
  5 adders
  A shadow imp (D:7)
  An ooze (D:3)
  An adder skeleton (D:6)
  An adder zombie (D:6)
  2 worms
  A dart slug (D:3)
  3 leopard geckos
  3 orcs
  7 giant cockroaches
  7 hobgoblins
  11 jackals
  9 kobolds
  2 quokkas
  3 ball pythons
  8 bats
  11 frilled lizards
  6 goblins
  6 rats
123 creatures vanquished.

Vanquished Creatures (others)
  A centaur (D:6)
  A crimson imp (D:6)
2 creatures vanquished.

Grand Total: 125 creatures vanquished

Notes
Turn   | Place    | Note
-------+----------+-------------------------------------------
     0 | D:1      | MenacingMecha the Ogre Berserker began the quest for the Orb.
     0 | D:1      | Reached XP level 1. HP: 24/24 MP: 1/1
   538 | D:1      | Reached XP level 2. HP: 32/32 MP: 2/2
   991 | D:2      | Reached skill level 5 in Maces & Flails
  1148 | D:2      | Reached XP level 3. HP: 39/39 MP: 3/3
  1521 | D:2      | Reached ** piety under Trog
  1521 | D:2      | Reached skill level 6 in Maces & Flails
  1968 | D:3      | Reached XP level 4. HP: 48/48 MP: 4/4
  2886 | D:3      | Reached *** piety under Trog
  2989 | D:3      | Reached XP level 5. HP: 54/54 MP: 5/5
  3081 | D:4      | Noticed a phantom
  3138 | D:4      | Found a glowing drain.
  3153 | D:4      | Reached skill level 7 in Maces & Flails
  3197 | Sewer    | Entered a sewer
  3389 | Sewer    | Noticed Purgy
  3403 | Sewer    | Killed Purgy
  3403 | Sewer    | Reached skill level 8 in Maces & Flails
  3403 | Sewer    | Reached XP level 6. HP: 57/62 MP: 6/6
  3541 | D:4      | Got a vibrating turquoise ring
  3542 | D:4      | Identified the ring "Lueclu Jehe" {rF++ rN+ MR++ Dex-2} (You found it on level 4 of the Dungeon)
  3687 | D:4      | Noticed a hippogriff
  3696 | D:4      | Killed a hippogriff
  3696 | D:4      | Reached skill level 9 in Maces & Flails
  3833 | D:4      | Found a staircase to the Ecumenical Temple.
  4033 | D:4      | Found Edaceh's Armour Shoppe.
  4150 | D:5      | Entered Level 5 of the Dungeon
  4181 | D:5      | Reached XP level 7. HP: 33/70 MP: 7/7
  4487 | D:5      | Reached skill level 10 in Maces & Flails
  4769 | D:5      | Found a bloodstained altar of Trog.
  5017 | D:5      | Reached skill level 11 in Maces & Flails
  5472 | D:6      | Reached XP level 8. HP: 70/78 MP: 8/8
  5488 | D:6      | Reached skill level 12 in Maces & Flails
  6141 | D:6      | Noticed Eustachio
  6277 | D:6      | Noticed Pikel
  6293 | D:6      | Killed Pikel
  6293 | D:6      | Reached skill level 14 in Maces & Flails
  6293 | D:6      | Reached XP level 9. HP: 55/84 MP: 9/9
  6512 | D:6      | Killed Eustachio
  6512 | D:6      | Reached skill level 5 in Fighting
  7518 | D:7      | Reached **** piety under Trog
  7551 | D:7      | HP: 3/92 [gnoll/halberd (8)]
  7553 | D:7      | Slain by a gnoll

Skill      XL: |  1  2  3  4  5  6  7  8  9 |
---------------+----------------------------+-----
Maces & Flails | 5 6 8 9 11 14 | 14.2
Dodging        | 3 |  3.0
Fighting       | 6 |  6.8

Action                   |  1- 3 |  4- 6 |  7- 9 || total
-------------------------+-------+-------+-------++-------
Melee: Mace              |   101 |   156 |     2 ||   259
       Giant club        |       |       |    73 ||    73
       Giant spiked club |       |       |    35 ||    35
       Whip              |       |       |    43 ||    43
Throw: Stone             |    67 |    25 |     9 ||   101
       Tomahawk          |       |     8 |    32 ||    40
       Javelin           |       |       |     2 ||     2
Invok: Berserk           |       |     2 |     3 ||     5
Evoke: Wand              |       |     1 |       ||     1
  Use: Potion            |     2 |       |       ||     2
  Eat: Chunk             |     4 |     6 |     5 ||    15
       Royal jelly       |       |     1 |       ||     1
       Pizza             |       |       |     3 ||     3
       Bread ration      |       |       |     1 ||     1
       Beef jerky        |       |       |     1 ||     1
Armor: Animal skin       |    11 |       |       ||    11
       Robe              |    15 |    57 |    16 ||    88
Dodge: Dodged            |    65 |    90 |    59 ||   214
